 Dungeon Crawl Stone Soup version 0.20-b1-18-gaa2fd62 (webtiles) character file.

631520 MTVSty1e the Slayer (level 26, -6/259 (260) HPs)
             Began as a Minotaur Fighter on May 23, 2017.
             Was the Champion of the Shining One.
             Killed by a guardian mummy's death curse (31 damage)
             ... on level 2 of the Tomb of the Ancients on May 24, 2017.
             The game lasted 04:02:48 (57925 turns).

MTVSty1e the Slayer (Minotaur Fighter)             Turns: 57925, Time: 04:02:48

HP:   -6/259 (260)  AC: 43    Str: 29      XL:     26   Next: 22%
MP:   36/36         EV: 25    Int:  5      God:    the Shining One [******]
Gold: 3074          SH: 30    Dex: 19 (21) Spells: 25/25 levels left

rFire    + + .     SeeInvis +   Q - +9 broad axe (holy)
rCold    + . .     Gourm    .   o - +0 shield {rF+}
rNeg     + + +     Faith    .   F - +6 crystal plate armour {rC+}
rPois    +         Spirit   .   T - +1 hat {SInv}
rElec    +         Reflect  .   B - scarf {cloud immunity}
rCorr    .         Harm     .   i - +0 pair of fencer's gloves {+Riposte Dex+3}
MR       +++..                  a - +1 pair of boots {Fly}
Stlth    ..........             H - amulet "Alidagof" {rPois MR+ Regen+ SInv Stlth+}
Regen    1.0/turn               k - ring of the Messenger {rF+ MR+ Dex+2}
MPRegen  0.3/turn               O - ring of Ymorrot {rElec EV+4 Dex+4}

@: divine shield, berserk cooldown, flying, hasted and slowed, glowing
A: retaliatory headbutt, claws 1, horns 2, repulsion field 1, icy blue scales 1,
clumsy 1, high mp 1, shaggy fur 2, wild magic 1, MP-powered wands
}: 5/15 runes: decaying, serpentine, slimy, silver, abyssal
a: Divine Shield, Cleansing Flame, Summon Divine Warrior, Renounce Religion,
Stop Flying


You were on level 2 of the Tomb of the Ancients.
You worshipped the Shining One.
The Shining One was exalted by your worship.
You were not hungry.

You visited 12 branches of the dungeon, and saw 51 of its levels.
You visited the Abyss 1 time.
You also visited: Sewer and Ice Cave.

You collected 8180 gold pieces.
You spent 5106 gold pieces at shops.

Inventory:

Hand Weapons
 Q - a +9 broad axe of holy wrath (weapon)
Armour
 a - a +1 pair of boots of flying (worn)
 i - the +0 pair of fencer's gloves (worn) {+Riposte Dex+3}
   (You bought it in a shop on level 2 of the Elven Halls)

   It affects your dexterity (+3).
 o - a +0 shield of fire resistance (worn)
 B - a scarf of cloud immunity (worn)
 F - a +6 crystal plate armour of cold resistance (worn)
 T - a +1 hat of see invisible (worn)
 Z - +0 gold dragon scales
Jewellery
 k - the ring of the Messenger (left hand) {rF+ MR+ Dex+2}
   (You found it on level 5 of the Pits of Slime)

   [ring of protection from fire]

   It affects your dexterity (+2).
   It protects you from fire.
   It affects your resistance to hostile enchantments.
 p - an uncursed ring of protection from magic
 H - the amulet "Alidagof" (around neck) {rPois MR+ Regen+ SInv Stlth+}
   (You bought it in a shop on level 2 of the Snake Pit)

   [amulet of regeneration]

   It protects you from poison.
   It affects your resistance to hostile enchantments.
   It lets you see invisible.
   It increases your rate of regeneration.
   It makes you more stealthy.
 N - an uncursed ring of resist corrosion
 O - the ring of Ymorrot (right hand) {rElec EV+4 Dex+4}
   (You bought it in a shop on level 2 of the Snake Pit)

   [ring of evasion]

   It affects your evasion (+4).
   It affects your dexterity (+4).
   It insulates you from electricity.
 R - an uncursed ring of protection from fire
 X - an uncursed ring of protection from cold
Wands
 b - a wand of digging (13/24)
 e - a wand of lightning (3/15)
 j - a wand of flame (23/48)
 u - a wand of enslavement (1/24)
 y - a wand of polymorph (23/24)
 z - a wand of iceblast (9/15)
 D - a wand of disintegration (2/24)
 S - a wand of paralysis (8/24)
Scrolls
 g - 3 scrolls of enchant weapon
 l - 7 scrolls of fear
 m - 3 scrolls of recharging
 r - 4 scrolls of enchant armour
 t - 4 scrolls of blinking
 w - 7 scrolls of identify
 x - 24 scrolls of teleportation
 A - a scroll of summoning
 C - 27 scrolls of remove curse
 J - 15 scrolls of amnesia
 U - 7 scrolls of magic mapping
Potions
 c - 5 potions of berserk rage
 q - 10 potions of agility
 s - 9 potions of curing
 v - 7 potions of brilliance
 E - a potion of haste
 I - 10 potions of lignification
 K - a potion of cancellation
 M - a potion of ambrosia
 P - 6 potions of magic
Miscellaneous
 d - a phial of floods
 h - 2 boxes of beasts
 L - a phial of floods
Comestibles
 f - 19 bread rations
 n - 70 fruits
 G - 4 royal jellies


   Skills:
 + Level 25.9 Fighting
 + Level 25.8 Axes
 + Level 20.7 Armour
 + Level 18.3 Dodging
 + Level 21.0 Shields
 * Level 14.7 Invocations
 - Level 7.3 Evocations


You had 25 spell levels left.
You didn't know any spells.

Dungeon Overview and Level Annotations

Branches:
Dungeon (15/15)            Temple (1/1) D:7            Lair (6/6) D:10
  Swamp (4/4) Lair:2        Snake (4/4) Lair:2        Slime (5/5) Lair:6
    Orc (2/2) D:10            Elf (3/3) Orc:2        Vaults (5/5) D:13
  Crypt (3/3) Vaults:3       Tomb (2/3) Crypt:3      Depths (1/5) D:15

Altars:
Ashenzari
Dithmenos
Elyvilon
Fedhas
Hepliaklqana
Kikubaaqudgha
Makhleb
Nemelex Xobeh
Okawaru
Qazlal
Ru
Sif Muna
Uskayaw
Vehumet
Zin
The Shining One
Jiyva
Lugonu

Shops:
D:4 [   Orc:2 :**[   Elf:2 *   Elf:3 *   Snake:1 !   Snake:2 }==
Vaults:1 %*(:   Vaults:3 %   Vaults:4 [

Portals:
Abyss: Crypt:2 Depths:1
Pandemonium: Depths:1
Trove: Elf:1 (give 15 potions of curing)


Innate Abilities, Weirdness & Mutations

You reflexively headbutt those who attack you in melee.
You have a pair of horns on your head.
You have sharp fingernails.
You are surrounded by a mild repulsion field. (EV +2)
You are partially covered in icy blue scales. (AC +2)
You are clumsy. (Dex -2)
You have an increased reservoir of magic. (+10% MP)
You are covered in thick fur. (AC +2)
Your spells are a little harder to cast, but a little more powerful.
You expend magic power (3 MP) to strengthen your wands.


Message History

You can move again.
A mummy comes into view.
You see here an embroidered robe.
You slash the guardian mummy!
The guardian mummy convulses!
You headbutt the guardian mummy.
The guardian mummy is heavily damaged.
You slash the mummy priest!
The mummy priest convulses!
You hit the bennu but do no damage. The bennu closely misses you.
The bennu claws you!
* * * LOW HITPOINT WARNING * * *
The bennu claws you but does no damage. The guardian mummy closely misses you.
You furiously retaliate!
You headbutt the guardian mummy, but do no damage.
You riposte.
You slice the guardian mummy!!
You destroy the guardian mummy!
The Shining One accepts your kill.
You feel better.
You feel extremely nervous for a moment...
You convulse helplessly as pain tears through your body!
You die...

........##....
............M ##
............ ...
#......... .... .
#.......# #....
..##.......##M....
..../..Mb.2.......
........@AM.......
.......)..........
............(.....
................#.
............$..##
...............#
..##.......##....
. #.......# #....
......... ....


You could see a reaper, a bennu, a mummy priest, 3 mummies and a friendly angel.

Vanquished Creatures
  the Royal Jelly (Slime:5)
  Mara (Swamp:4)
  An ancient lich (Tomb:1)
  5 greater mummies
  Boris (twice) (Vaults:2 Tomb:2)
  Xtahua (Vaults:5)
  Margery (Crypt:1)
  Saint Roka (Snake:3)
  2 golden dragons (Vaults:5)
  A profane servitor (Crypt:3)
  Nikola (Elf:1)
  Jory (Crypt:1)
  A bone dragon (Crypt:3)
  Jorgrun (Depths:1)
  8 liches
  Rupert (D:12)
  A hellephant (Abyss:3)
  4 tentacled monstrosities
  6 deep elf blademasters
  The ghost of Mesmaeker13 the Warrior, an adept OgSk of Okawaru (Snake:1)
  7 titans
  An Executioner (Abyss:4)
  4 deep elf master archers
  The ghost of minicreteconcrete the Severer, an adept DDBe of Trog (Elf:3)
  A tentacled starspawn (Abyss:4)
  2 quicksilver dragons (Vaults:5)
  Frances (Swamp:1)
  10 sphinxes
  21 acid blobs
  Kirke (Lair:6)
  6 ancient champions
  A thorn hunter (Swamp:2)
  7 shadow dragons
  4 tengu reavers
  3 storm dragons
  12 fire giants
  3 orc warlords
  6 revenants
  10 nagarajas
  14 azure jellies
  13 frost giants
  A juggernaut zombie (Crypt:2)
  Louise (Swamp:4)
  10 deep elf sorcerers
  14 vault wardens
  2 curse skulls
  3 deep elf elementalists
  14 ironheart preservers
  4 war gargoyles
  12 stone giants
  9 very ugly things
  2 ghouls
  2 entropy weavers
  6 vampire knights
  2 bennus (Tomb:2)
  Azrael (D:12)
  A yellow draconian (Vaults:4)
  A green draconian (Crypt:1)
  A black draconian (Crypt:1)
  Nessos (D:13)
  6 deep elf annihilators
  A white draconian (Vaults:4)
  6 deep elf demonologists
  6 eidola
  A red draconian (Vaults:3)
  A dire elephant (Lair:6)
  A blizzard demon (IceCv)
  8 ettins
  2 fire dragons
  11 death oozes
  6 deep elf death magi
  19 yaktaur captains
  9 mummy priests
  5 deep elf high priests
  3 ice dragons
  21 jiangshi
  9 great orbs of eyes
  2 quicksilver dragon skeletons (Crypt:1)
  2 quicksilver dragon zombies (Crypt:1)
  28 vault guards
  2 rakshasas
  25 naga warriors
  20 hydras
  6 anacondas
  3 ghost crabs
  A two-headed ogre (shapeshifter) (Vaults:5)
  A catoblepas (Lair:6)
  7 death knights
  32 two-headed ogres
  9 centaur warriors
  13 alligators
  7 ogre magi
  5 death scarabs (Tomb:1)
  29 dancing weapons
  2 tengu warriors (D:13)
  5 thrashing horrors
  3 death yaks (Lair:6)
  A deep troll shaman (Depths:1)
  Urug (D:13)
  7 vampire magi
  An orc high priest (Elf:2)
  5 hell knights (Crypt:1)
  2 soul eaters
  A storm dragon zombie (Tomb:1)
  9 naga sharpshooters
  2 shock serpents
  7 wretched stars
  26 deep elf knights
  3 salamander mystics
  A sun demon (Abyss:4)
  48 skeletal warriors
  A sea snake (Snake:2)
  3 shadow wraiths
  14 deep trolls
  An unseen horror (shapeshifter) (Vaults:5)
  6 unseen horrors
  5 shambling mangroves
  A spectral catoblepas (Crypt:3)
  3 spatial maelstroms (Abyss:4)
  9 naga ritualists
  8 swamp dragons
  13 large abominations
  An entropy weaver zombie (Crypt:1)
  3 spriggan druids
  2 lindwurms (Swamp:4)
  22 ironbrand convokers
  2 wizards
  6 flayed ghosts
  An anaconda zombie (Crypt:1)
  2 glowing orange brains
  21 deep elf archers
  A harpy (Vaults:3)
  13 phantasmal warriors
  2 iron dragon zombies
  8 necromancers
  70 deep elf magi
  4 wolf spiders
  18 orc knights
  51 ugly things
  An orb spider (shapeshifter) (Vaults:3)
  3 frost giant zombies
  A fire giant zombie (Vaults:5)
  4 oklob plants (Lair:6)
  A wolf spider zombie (D:15)
  11 orc sorcerers
  A worldbinder (Abyss:5)
  14 mana vipers
  16 salamanders
  A cyclops (D:11)
  28 elephants
  2 manticores (Lair:6)
  2 shining eyes
  A stone giant zombie (Crypt:1)
  22 vault sentinels
  27 naga magi
  9 guardian serpents
  3 eyes of devastation
  A torpor snail (Lair:6)
  54 black mambas
  Psyche (D:9)
  3 ice statues
  An orange demon (Abyss:5)
  2 apocalypse crabs
  5 gargoyles
  19 spiny frogs
  A purple draconian zombie (Crypt:1)
  8 komodo dragons
  6 kobold demonologists
  2 efreet
  A komodo dragon (shapeshifter) (Vaults:5)
  An emperor scorpion zombie (Crypt:2)
  A human zombie (Vaults:5)
  3 rime drakes
  A tormentor (Abyss:3)
  13 freezing wraiths
  27 yaktaurs
  8 guardian mummies
  2 ancient zymes (Abyss:4)
  A demonic crawler (Abyss:3)
  2 hellwings (Abyss:5)
  14 ice devils (IceCv)
  3 tengu conjurers
  8 tyrant leeches
  A queen ant zombie (Crypt:2)
  A green draconian skeleton (Crypt:2)
  A polar bear (shapeshifter) (Vaults:1)
  9 small abominations
  A queen bee (Abyss:4)
  7 trolls
  A troll (shapeshifter) (Vaults:3)
  A blink frog (shapeshifter) (Vaults:4)
  9 meliai
  37 hornets
  A polar bear (Lair:6)
  15 raiju
  A shadow dragon simulacrum (Tomb:2)
  An ettin zombie (Tomb:1)
  2 fire giant simulacra
  86 slime creatures
  Prince Ribbit (D:7)
  15 blink frogs
  A hydra skeleton (Crypt:3)
  An ice dragon zombie (Tomb:1)
  A snapping turtle (shapeshifter) (Vaults:3)
  18 dream sheep
  11 hippogriffs
  11 bog bodies
  51 flying skulls
  A guardian serpent skeleton (Crypt:1)
  6 air elementals
  An ettin skeleton (Tomb:1)
  10 wraiths
  7 redbacks
  A redback (shapeshifter) (Vaults:3)
  18 spriggans
  9 shadows
  16 wyverns
  2 spriggans (shapeshifter)
  A vampire (D:13)
  5 water elementals
  A yak (shapeshifter) (Vaults:4)
  4 hogs (Lair:6)
  3 chaos spawn
  3 ynoxinuls
  7 basilisks
  16 humans
  A golden eye (shapeshifter) (Elf:1)
  28 yaks
  3 hungry ghosts
  2 fire elementals
  6 golden eyes (Slime:3)
  The ghost of tof the Sneak, an amateur DsAs (D:4)
  Grum (D:8)
  2 neqoxecs
  A spatial vortex (Abyss:4)
  17 vampire mosquitoes
  2 soldier ants
  20 swamp worms
  7 wargs
  51 nagas
  A soldier ant (shapeshifter) (Vaults:5)
  Edmund (D:4)
  5 hell hounds (D:12)
  12 insubstantial wisps
  Duvessa (D:7)
  A spiny frog zombie (Crypt:2)
  2 acid dragons
  12 porcupines
  16 water moccasins
  2 ice beasts
  9 swamp drakes
  A manticore zombie (Tomb:2)
  66 orc warriors
  4 sky beasts
  An eye of draining (shapeshifter) (Elf:3)
  7 eyes of draining
  An ettin simulacrum (Vaults:5)
  6 phantoms
  A black bear (Lair:2)
  3 snapping turtle zombies
  5 necrophages
  A fire dragon simulacrum (Crypt:3)
  22 ogres
  A blink frog skeleton (Crypt:1)
  7 boggarts
  15 centaurs
  27 wolves
  A swamp dragon skeleton (Crypt:2)
  A hog zombie (Crypt:2)
  19 crocodiles
  9 big kobolds
  14 bullfrogs
  A draconian skeleton (Crypt:1)
  2 earth elementals
  Blork the orc (D:4)
  A wyvern zombie (D:11)
  A water moccasin zombie (Crypt:1)
  A wyvern skeleton (D:15)
  A cyclops skeleton (Crypt:2)
  7 scorpions
  Dowan (D:7)
  13 killer bees
  3 vampire bats (Lair:2)
  9 electric eels
  17 wights
  3 howler monkeys
  4 centaur zombies
  A bullfrog zombie (D:7)
  6 lava snakes
  16 crimson imps
  4 quasits
  4 starcursed masses (Abyss:3)
  13 hounds
  3 bullfrog skeletons
  14 jellies
  34 orc priests
  35 orc wizards
  A basilisk skeleton (Crypt:1)
  8 iron imps (Abyss:3)
  Jessica (D:3)
  5 centaur skeletons
  15 hell rats
  A human skeleton (Crypt:2)
  3 iguanas
  20 worker ants
  2 killer bee zombies
  A hound zombie (D:7)
  2 hound skeletons
  14 mummies
  3 worker ant zombies
  12 adders
  14 river rats (Lair:1)
  11 shadow imps
  11 white imps
  9 ufetubi
  4 adder skeletons
  An adder zombie (D:9)
  3 worms
  A dart slug (D:5)
  2 leopard geckos
  124 orcs
  10 bats
  8 giant cockroaches
  9 goblins
  6 hobgoblins
  26 kobolds
  11 quokkas
  2 ball pythons (Sewer)
  10 frilled lizards
  A gnoll skeleton (Crypt:2)
  A jackal skeleton (D:4)
  23 rats
  2 crawling corpses (Elf:3)
  A fungus (Lair:6)
  A lurking horror (Abyss:3)
  10 plants
  A starspawn tentacle (Abyss:4)
2709 creatures vanquished.

Vanquished Creatures (collateral kills)
  A greater mummy (Tomb:2)
  Bai Suzhen (Vaults:3)
  A golden dragon (Vaults:5)
  An acid blob (Slime:5)
  A mummy priest (Tomb:2)
  A death ooze (Slime:5)
  A yaktaur captain (Vaults:5)
  A skeletal warrior (Tomb:2)
  A shadow dragon zombie (Vaults:5)
  A deep elf archer (Crypt:3)
  A harpy (shapeshifter) (Vaults:5)
  2 deep elf magi
  2 guardian mummies (Tomb:2)
  A slime creature (Slime:5)
  An orc warrior (Vaults:5)
  A mummy (Tomb:2)
18 creatures vanquished.

Vanquished Creatures (others)
  Asterion (Vaults:2)
  A deep elf blademaster (Crypt:2)
  A quicksilver dragon (Vaults:5)
  A vault warden (Vaults:2)
  An ironheart preserver (Vaults:5)
  A deep elf annihilator (Vaults:2)
  A centaur warrior (Orc:2)
  A death scarab (Tomb:2)
  A spriggan druid (Swamp:4)
  A lindwurm (Swamp:4)
  A deep elf mage (Elf:3)
  An ironbrand convoker (Vaults:2)
  An orc sorcerer (Snake:3)
  3 naga magi (Snake:4)
  A hornet (Vaults:5)
  A blink frog (Swamp:4)
  12 flying skulls (Crypt:3)
  A spriggan (Swamp:4)
  6 orc warriors
  6 centaurs
  An ogre (Vaults:2)
  A killer bee (Abyss:4)
  An orc wizard (Vaults:5)
  A white imp (IceCv)
  An ufetubus (IceCv)
  10 orcs
  A goblin (D:3)
  A kobold (D:2)
  5 fungi (Lair:6)
  24 plants
  7 starspawn tentacles
96 creatures vanquished.

Grand Total: 2823 creatures vanquished

Notes
Turn   | Place    | Note
-------+----------+-------------------------------------------
     0 | D:1      | MTVSty1e the Minotaur Fighter began the quest for the Orb.
     0 | D:1      | Reached XP level 1. HP: 19/19 MP: 0/0
   100 | D:1      | Reached XP level 2. HP: 27/27 MP: 1/1
   961 | D:1      | Gained mutation: You expend magic power (3 MP) to strengthen your wands. [potion of mutation]
   961 | D:1      | Gained mutation: Your muscles are strong. (Str +2) [potion of mutation]
  1336 | D:2      | Reached XP level 3. HP: 33/33 MP: 2/2
  1485 | D:3      | Noticed Jessica
  1493 | D:3      | Killed Jessica
  1493 | D:3      | Reached XP level 4. HP: 22/41 MP: 3/3
  1907 | D:3      | Found a glowing drain.
  1912 | Sewer    | Entered a sewer
  1949 | Sewer    | Reached skill level 5 in Fighting
  2093 | Sewer    | Reached XP level 5. HP: 48/48 MP: 4/4
  2394 | D:4      | Noticed a phantom
  2424 | D:4      | Killed a phantom
  2424 | D:4      | Reached skill level 5 in Shields
  2424 | D:4      | Reached skill level 1 in Evocations
  2457 | D:4      | Reached XP level 6. HP: 49/57 MP: 4/6
  2542 | D:4      | Noticed tof's ghost (amateur DsAs)
  2543 | D:4      | Noticed Edmund
  2553 | D:4      | Killed Edmund
  2554 | D:4      | Noticed Blork the orc
  2557 | D:4      | Killed tof's ghost
  2557 | D:4      | Reached skill level 5 in Armour
  2557 | D:4      | Reached XP level 7. HP: 59/64 MP: 7/7
  2561 | D:4      | Killed Blork the orc
  2627 | D:4      | Found Rado Paseh's Antique Armour Shoppe.
  2775 | D:4      | Found a sparkling altar of Nemelex Xobeh.
  3225 | D:5      | Entered Level 5 of the Dungeon
  3290 | D:5      | Noticed a hungry ghost
  3301 | D:5      | Killed a hungry ghost
  3402 | D:5      | Reached XP level 8. HP: 73/73 MP: 9/9
  3443 | D:5      | Reached skill level 5 in Axes
  3643 | D:5      | Gained mutation: You possess an exceptional clarity of mind. [mutagenic meat]
  3644 | D:5      | Gained mutation: Potions are less effective at restoring your health. [mutagenic meat]
  4016 | D:5      | Found a deep blue altar of Sif Muna.
  4017 | D:5      | Noticed a white ugly thing
  4084 | D:5      | Killed a white ugly thing
  4084 | D:5      | Reached XP level 9. HP: 56/83 MP: 10/10
  4090 | D:5      | Lost mutation: You possess an exceptional clarity of mind. [mutagenic meat]
  4091 | D:5      | Gained mutation: You tend to lose your temper in combat. [mutagenic meat]
  4419 | D:6      | Lost mutation: You tend to lose your temper in combat. [potion of mutation]
  4419 | D:6      | Lost mutation: You expend magic power (3 MP) to strengthen your wands. [potion of mutation]
  4419 | D:6      | Lost mutation: Your muscles are strong. (Str +2) [potion of mutation]
  4419 | D:6      | Lost mutation: Potions are less effective at restoring your health. [potion of mutation]
  4419 | D:6      | Gained mutation: You possess an exceptional clarity of mind. [potion of mutation]
  4419 | D:6      | Gained mutation: You occasionally shout uncontrollably at your foes. [potion of mutation]
  4419 | D:6      | Gained mutation: Your muscles are strong. (Str +2) [potion of mutation]
  5414 | D:7      | Noticed Dowan
  5435 | D:6      | Reached skill level 10 in Fighting
  5841 | D:7      | Killed Dowan
  5912 | D:7      | Noticed Prince Ribbit
  5954 | D:7      | Killed Prince Ribbit
  6173 | D:7      | Found a staircase to the Ecumenical Temple.
  6181 | Temple   | Entered the Ecumenical Temple
  6244 | Temple   | Became a worshipper of Warmaster Okawaru
  6326 | D:7      | Found a shadowy altar of Dithmenos.
  6432 | D:7      | Noticed Duvessa
  6449 | D:7      | Killed Duvessa
  6449 | D:7      | Reached skill level 5 in Evocations
  6449 | D:7      | Reached XP level 10. HP: 64/94 MP: 12/12
  6609 | D:7      | Lost mutation: Your muscles are strong. (Str +2) [potion of mutation]
  6609 | D:7      | Lost mutation: You occasionally shout uncontrollably at your foes. [potion of mutation]
  6609 | D:7      | Lost mutation: You possess an exceptional clarity of mind. [potion of mutation]
  6609 | D:7      | Gained mutation: You have large cloven feet. [potion of mutation]
  6609 | D:7      | Gained mutation: Your flesh is heat resistant. (rF+) [potion of mutation]
  6609 | D:7      | Gained mutation: You are partially covered in icy blue scales. (AC +2) [potion of mutation]
  6859 | D:7      | Lost mutation: You have large cloven feet. [potion of mutation]
  6859 | D:7      | Lost mutation: Your flesh is heat resistant. (rF+) [potion of mutation]
  6859 | D:7      | Lost mutation: You are partially covered in icy blue scales. (AC +2) [potion of mutation]
  6859 | D:7      | Gained mutation: You occasionally shout uncontrollably at your foes. [potion of mutation]
  6859 | D:7      | Gained mutation: You are dopey. (Int -2) [potion of mutation]
  6859 | D:7      | Gained mutation: You are partially covered in yellow scales. (AC +2) [potion of mutation]
  6860 | D:7      | Lost mutation: You occasionally shout uncontrollably at your foes. [potion of mutation]
  6860 | D:7      | Lost mutation: You are dopey. (Int -2) [potion of mutation]
  6860 | D:7      | Gained mutation: Your system is resistant to poisons. (rPois) [potion of mutation]
  6860 | D:7      | Gained mutation: Your flesh is heat resistant. (rF+) [potion of mutation]
  6941 | D:8      | Reached * piety under Okawaru
  7070 | D:8      | Noticed Grum
  7086 | D:8      | Killed Grum
  7086 | D:8      | Reached skill level 1 in Invocations
  7207 | D:8      | Got an ancient robe
  7225 | D:8      | Identified the +2 robe "Molin" {*Contam MR+ Dex+5} (You found it on level 8 of the Dungeon)
  7266 | D:8      | Gained mutation: You tend to lose your temper in combat. [mutagenic glow]
  7344 | D:8      | Noticed a dagger
  7346 | D:8      | Noticed a hand axe
  7347 | D:8      | Found a hide-covered altar of Uskayaw.
  7804 | D:9      | Noticed a two-headed ogre
  7810 | D:9      | Killed a two-headed ogre
  7810 | D:9      | Reached ** piety under Okawaru
  7887 | D:9      | Noticed Psyche
  7888 | D:9      | Noticed a gargoyle
  7895 | D:9      | Killed Psyche
  7897 | D:9      | Killed a gargoyle
  7928 | D:9      | Lost mutation: You tend to lose your temper in combat. [potion of mutation]
  7928 | D:9      | Lost mutation: Your system is resistant to poisons. (rPois) [potion of mutation]
  7928 | D:9      | Gained mutation: You are covered in fur. (AC +1) [potion of mutation]
  7928 | D:9      | Gained mutation: You tend to lose your temper in combat. [potion of mutation]
  7928 | D:9      | Gained mutation: Scrolls take you a little longer to read. [potion of mutation]
  7928 | D:9      | Gained mutation: You are surrounded by a mild repulsion field. (EV +2) [potion of mutation]
  7929 | D:9      | Lost mutation: Your flesh is heat resistant. (rF+) [potion of mutation]
  7929 | D:9      | Lost mutation: You tend to lose your temper in combat. [potion of mutation]
  7929 | D:9      | Lost mutation: You are partially covered in yellow scales. (AC +2) [potion of mutation]
  7929 | D:9      | Gained mutation: Your movements are slightly less encumbered by armour. (ER -2) [potion of mutation]
  7929 | D:9      | Gained mutation: Your spells are a little harder to cast, but a little more powerful. [potion of mutation]
  8100 | D:9      | Noticed a tengu warrior
  8182 | D:9      | Reached *** piety under Okawaru
  8450 | D:9      | Received a gift from Okawaru
  8457 | D:9      | Noticed a three-headed hydra
  8458 | D:9      | Reached XP level 11. HP: 83/102 MP: 14/14
  8991 | D:9      | Killed a one-headed hydra
  9017 | D:10     | Entered Level 10 of the Dungeon
  9028 | D:10     | Reached **** piety under Okawaru
  9031 | D:10     | Found a staircase to the Orcish Mines.
  9037 | D:10     | Found a staircase to the Lair.
  9593 | D:10     | Reached skill level 10 in Axes
  9853 | D:11     | Found a stormy altar of Qazlal.
  9884 | D:11     | Reached ***** piety under Okawaru
 10031 | D:11     | Killed an unseen horror
 10085 | D:11     | Reached skill level 10 in Shields
 10120 | D:11     | Noticed a two-headed ogre
 10129 | D:11     | Killed a two-headed ogre
 10245 | D:11     | Noticed a green ugly thing
 10247 | D:11     | Noticed a purple ugly thing
 10258 | D:11     | Killed a purple ugly thing
 10258 | D:11     | Reached skill level 5 in Invocations
 10260 | D:11     | Killed a green ugly thing
 10270 | D:11     | Gained mutation: You have sharp toenails. [mutagenic meat]
 10271 | D:11     | Gained mutation: You have an increased reservoir of magic. (+10% MP) [mutagenic meat]
 10347 | D:11     | Reached XP level 12. HP: 106/113 MP: 17/17
 10519 | Lair:1   | Entered Level 1 of the Lair of Beasts
 11038 | Lair:1   | Received a gift from Okawaru
 11039 | Lair:1   | Got a fine ring mail {god gift}
 11054 | Lair:1   | Identified the +5 ring mail of the Ancient Lovers {Regen+ Int+2} (Okawaru gifted it to you on level 1 of the Lair of Beasts)
 11147 | Lair:1   | Reached skill level 10 in Armour
 11702 | Lair:2   | Noticed a five-headed hydra
 11712 | Lair:2   | Killed a one-headed hydra
 11724 | Lair:2   | Reached ****** piety under Okawaru
 11766 | Lair:2   | Found a staircase to the Snake Pit.
 12315 | Lair:2   | Found a staircase to the Swamp.
 13495 | Lair:3   | Reached skill level 1 in Dodging
 13676 | Lair:4   | Reached XP level 13. HP: 84/124 MP: 12/19
 14083 | Lair:4   | Received a gift from Okawaru
 16037 | Lair:5   | You fall through a shaft!
 16037 | Lair:6   | Entered Level 6 of the Lair of Beasts
 16399 | Lair:6   | Found a viscous altar of Jiyva.
 16400 | Lair:6   | Found a staircase to the Slime Pits.
 16633 | Lair:6   | Received a gift from Okawaru
 16640 | Lair:6   | Reached XP level 14. HP: 108/133 MP: 12/20
 16876 | Lair:6   | Reached skill level 5 in Dodging
 17007 | Lair:6   | Reached skill level 15 in Fighting
 17199 | Lair:6   | Noticed Kirke
 17227 | Lair:6   | Killed Kirke
 17382 | Lair:6   | Received a gift from Okawaru
 18360 | Lair:3   | You fall through a shaft for 2 floors!
 18675 | D:11     | Reached skill level 15 in Axes
 18980 | D:12     | Noticed Azrael
 18991 | D:12     | Killed Azrael
 18991 | D:12     | Received a gift from Okawaru
 19692 | D:13     | Found a gate to the Vaults.
 19692 | D:13     | Noticed Rupert
 19692 | D:13     | Noticed Urug
 19692 | D:13     | Noticed Nessos
 19859 | Orc:1    | Entered Level 1 of the Orcish Mines
 20104 | Orc:1    | Noticed an orc warlord
 20127 | Orc:1    | Killed an orc warlord
 20127 | Orc:1    | Reached XP level 15. HP: 118/143 MP: 16/21
 20252 | Orc:2    | Entered Level 2 of the Orcish Mines
 20729 | Orc:2    | Found Hirphuarph's Assorted Antiques.
 20729 | Orc:2    | Found Isuesut's General Store.
 20731 | Orc:2    | Found Genucoxt's Armour Shop.
 20733 | Orc:2    | Found Heurug's Book Emporium.
 21088 | Orc:2    | Found a staircase to the Elven Halls.
 21167 | Orc:2    | Bought a +2 shield of protection for 279 gold pieces
 21169 | Orc:2    | Bought the amulet of Vitality {Regen+ HP+15} for 1106 gold pieces
 21169 | Orc:2    | Bought a scroll of identify for 28 gold pieces
 21169 | Orc:2    | Bought a potion of resistance for 140 gold pieces
 21170 | Orc:2    | Bought a potion of heal wounds for 100 gold pieces
 21244 | Elf:1    | Entered Level 1 of the Elven Halls
 21811 | D:12     | Killed Rupert
 22071 | D:13     | Killed Urug
 22071 | D:13     | Received a gift from Okawaru
 22087 | D:13     | Got an ebony rapier {god gift}
 22088 | D:13     | Identified the +2 rapier "Newtbane" {protect, Str+4} (Okawaru gifted it to you on level 13 of the Dungeon)
 22131 | D:13     | Killed Nessos
 22752 | D:13     | Got a transparent chain mail
 22803 | D:13     | Identified the +6 chain mail "Gosocvac" {Stlth+} (You took it off a skeletal warrior on level 13 of the Dungeon)
 23281 | D:13     | Gained mutation: Your body sometimes deteriorates upon taking damage. [mutagenic meat]
 23307 | D:14     | Gained mutation: You are clumsy. (Dex -2) [mutagenic meat]
 23308 | D:14     | Lost mutation: You have sharp toenails. [mutagenic meat]
 23310 | D:14     | Gained mutation: You tend to lose your temper in combat. [mutagenic meat]
 23416 | D:14     | Received a gift from Okawaru
 23484 | D:14     | Gained mutation: Your system is resistant to poisons. (rPois) [mutagenic meat]
 23485 | D:14     | Gained mutation: You are very clumsy. (Dex -4) [mutagenic meat]
 23486 | D:14     | Gained mutation: Armour fits poorly on your strangely shaped body. [mutagenic meat]
 23487 | D:14     | Lost mutation: Armour fits poorly on your strangely shaped body. [mutagenic meat]
 23489 | D:14     | Lost mutation: Scrolls take you a little longer to read. [mutagenic meat]
 23606 | D:14     | Lost mutation: You tend to lose your temper in combat. [mutagenic meat]
 23608 | D:14     | Gained mutation: You have sharp fingernails. [mutagenic meat]
 23663 | D:14     | Lost mutation: Your body sometimes deteriorates upon taking damage. [mutagenic meat]
 23664 | D:14     | Gained mutation: You are partially covered in molten scales. (AC +2) [mutagenic meat]
 23698 | D:14     | Reached XP level 16. HP: 154/154 MP: 22/22
 23819 | D:14     | Lost mutation: You are partially covered in molten scales. (AC +2) [mutagenic meat]
 24154 | D:15     | Entered Level 15 of the Dungeon
 24248 | D:15     | Received a gift from Okawaru
 24279 | D:15     | Gained mutation: You are covered in thick fur. (AC +2) [mutagenic meat]
 24617 | D:15     | Found a shattered altar of Ashenzari.
 24860 | D:15     | Found a staircase to the Depths.
 25296 | Snake:1  | Entered Level 1 of the Snake Pit
 25370 | Snake:1  | Found Luempise's Distillery.
 25433 | Snake:1  | Bought a potion of heal wounds for 75 gold pieces
 25433 | Snake:1  | Bought a potion of haste for 150 gold pieces
 25433 | Snake:1  | Bought a potion of cancellation for 120 gold pieces
 25433 | Snake:1  | Bought a potion of heal wounds for 75 gold pieces
 25433 | Snake:1  | Bought a potion of haste for 150 gold pieces
 25632 | Snake:1  | Identified the Volume of Gliding Heat
 25642 | Snake:1  | Noticed Mesmaeker13's ghost (adept OgSk)
 25701 | Snake:1  | Killed Mesmaeker13's ghost
 26425 | Snake:2  | Found Plog's Jewellery Shoppe.
 26427 | Snake:2  | Found Fuel's Gadget Boutique.
 26428 | Snake:2  | Found Xahets's Jewellery Shoppe.
 26560 | Snake:2  | Reached skill level 10 in Dodging
 26588 | Snake:2  | Received a gift from Okawaru
 26982 | Snake:3  | Noticed Saint Roka
 27002 | Snake:3  | Killed Saint Roka
 27002 | Snake:3  | Reached XP level 17. HP: 139/163 MP: 11/23
 27387 | Snake:3  | Got an amethyst-studded ring mail
 27388 | Snake:3  | Identified the +1 ring mail of Rasu Isi {rC+ MR+ Regen+ Int+4} (You found it on level 3 of the Snake Pit)
 27725 | Snake:3  | Received a gift from Okawaru
 27728 | Snake:3  | Got a bloodstained broad axe {god gift}
 27729 | Snake:3  | Identified the +4 broad axe of the Big Bang {freeze, rPois} (Okawaru gifted it to you on level 3 of the Snake Pit)
 27858 | Snake:4  | Entered Level 4 of the Snake Pit
 28410 | Snake:4  | Received a gift from Okawaru
 28432 | Snake:4  | Reached skill level 15 in Armour
 28445 | Snake:4  | Reached skill level 15 in Shields
 28868 | Snake:4  | Got a serpentine rune of Zot
 28899 | Snake:4  | Reached XP level 18. HP: 131/176 MP: 24/24
 29436 | Snake:4  | Received a gift from Okawaru
 29439 | Snake:4  | Got a pair of faintly glowing boots {god gift}
 29440 | Snake:4  | Identified the +1 pair of boots of Philately {rC+ Int+2} (Okawaru gifted it to you on level 4 of the Snake Pit)
 29878 | Elf:1    | Noticed Nikola
 29893 | Elf:1    | Killed Nikola
 30152 | Elf:1    | Found a portal to a secret trove of treasure.
 30998 | Snake:2  | Bought the amulet "Alidagof" {rPois MR+ Regen+ SInv Stlth+} for 807 gold pieces
 31258 | Slime:1  | Entered Level 1 of the Pits of Slime
 31389 | Swamp:1  | Entered Level 1 of the Swamp
 31742 | Swamp:1  | Identified 3 scrolls of acquirement
 31925 | Swamp:1  | Noticed Frances
 31935 | Swamp:1  | Killed Frances
 32208 | Swamp:2  | Received a gift from Okawaru
 33068 | Swamp:3  | Found a frozen archway.
 33147 | IceCv    | Entered an ice cave
 34169 | Swamp:4  | Entered Level 4 of the Swamp
 34199 | Swamp:4  | Noticed Louise
 34216 | Swamp:4  | Reached XP level 19. HP: 161/187 MP: 25/25
 34232 | Swamp:4  | Killed Louise
 34360 | Swamp:4  | Received a gift from Okawaru
 34366 | Swamp:4  | Identified the +11 hand axe "Geuczike" {chop, rElec rPois Str+2 Dex-3} (Okawaru gifted it to you on level 4 of the Swamp)
 34591 | Swamp:4  | Got a decaying rune of Zot
 34805 | Swamp:4  | Noticed Mara
 34886 | Swamp:4  | Killed Mara
 34979 | Swamp:4  | Received a gift from Okawaru
 35853 | Elf:2    | Found Ucviesm's Assorted Antiques.
 36181 | Elf:2    | Found a runed gate.
 36187 | Elf:2    | Found a runed gate.
 36187 | Elf:2    | Found a runed gate.
 36549 | Elf:2    | Received a gift from Okawaru
 37216 | Elf:2    | Reached XP level 20. HP: 194/198 MP: 19/27
 37361 | Elf:3    | Entered Level 3 of the Elven Halls
 38020 | Elf:3    | Noticed minicreteconcrete's ghost (adept DDBe)
 38055 | Elf:3    | Killed minicreteconcrete's ghost
 38255 | Elf:3    | Received a gift from Okawaru
 38427 | Elf:3    | Identified Taqebaxy's Catalogue of Enchantment
 38464 | Elf:3    | Identified the Incunabulum of Unholy Arts and Air
 38484 | Elf:3    | Identified the Almanac of Frigorific Damage Dealing
 38726 | Elf:3    | Found Gapt's General Store.
 39117 | Elf:2    | Bought a potion of heal wounds for 120 gold pieces
 39117 | Elf:2    | Bought the +0 pair of fencer's gloves {+Riposte Dex+3} for 960 gold pieces
 39117 | Elf:2    | Bought a potion of curing for 72 gold pieces
 39117 | Elf:2    | Bought a scroll of identify for 48 gold pieces
 39372 | Depths:1 | Entered Level 1 of the Depths
 39372 | Depths:1 | Found a one-way gate leading to the halls of Pandemonium.
 39378 | Depths:1 | Noticed Jorgrun
 39398 | Depths:1 | Killed Jorgrun
 39408 | Depths:1 | Found a one-way gate to the infinite horrors of the Abyss.
 39509 | Vaults:1 | Entered Level 1 of the Vaults
 39591 | Vaults:1 | Received a gift from Okawaru
 39602 | Vaults:1 | Found Beggauk's General Store.
 39782 | Vaults:1 | Found Uscho's Antique Weapon Boutique.
 39867 | Vaults:1 | Cast into level 3 of the Abyss (a deep elf demonologist)
 40525 | Abyss:4  | Reached XP level 21. HP: 121/207 MP: 23/28
 40534 | Abyss:4  | Got an abyssal rune of Zot
 40631 | Abyss:4  | Received a gift from Okawaru
 40685 | Abyss:5  | Entered Level 5 of the Abyss
 40855 | Vaults:1 | Escaped the Abyss
 41316 | Vaults:1 | Found Jyery's Book Shop.
 41985 | Vaults:1 | Found Ujumyokh's Food Shop.
 42333 | Vaults:2 | Received a gift from Okawaru
 42662 | Vaults:2 | Reached skill level 15 in Dodging
 42746 | Vaults:2 | Noticed Boris
 42773 | Vaults:2 | Killed Boris
 42822 | Vaults:2 | Received a gift from Okawaru
 42918 | Vaults:2 | Noticed Asterion
 42941 | Vaults:2 | Killed Asterion
 43415 | Vaults:2 | Reached XP level 22. HP: 168/220 MP: 29/29
 43905 | Vaults:3 | Received a gift from Okawaru
 44013 | Vaults:3 | Found Qaepulia's Food Shop.
 44440 | Vaults:3 | Noticed Bai Suzhen
 44456 | Vaults:3 | Killed Bai Suzhen
 44577 | Vaults:3 | Found a staircase to the Crypt.
 44768 | Vaults:3 | Received a gift from Okawaru
 45056 | Temple   | Fell from the grace of Okawaru
 45056 | Temple   | Became a worshipper of the Shining One
 45417 | Crypt:1  | Entered Level 1 of the Crypt
 45426 | Crypt:1  | Noticed Margery
 45468 | Crypt:1  | Reached * piety under the Shining One
 45476 | Crypt:1  | Killed Margery
 45782 | Crypt:1  | Reached ** piety under the Shining One
 45950 | Crypt:1  | Reached *** piety under the Shining One
 46211 | Crypt:1  | Noticed Jory
 46229 | Crypt:1  | Killed Jory
 46543 | Crypt:2  | Reached **** piety under the Shining One
 46697 | Crypt:2  | Reached ***** piety under the Shining One
 46827 | Crypt:2  | Found a corrupted altar of Lugonu.
 47383 | Crypt:2  | Found an ancient bone altar of Kikubaaqudgha.
 47473 | Crypt:3  | Entered Level 3 of the Crypt
 47599 | Crypt:3  | Found an ancient bone altar of Kikubaaqudgha.
 47599 | Crypt:3  | Reached ****** piety under the Shining One
 47605 | Crypt:3  | Reached XP level 23. HP: 229/229 MP: 10/30
 47607 | Crypt:3  | Identified a +9 broad axe of holy wrath (a +9 antimagic broad axe blessed by the Shining One)
 47607 | Crypt:3  | Received a gift from the Shining One
 47946 | Crypt:3  | Found a staircase to the Tomb.
 48172 | Crypt:3  | Identified Nammoi Kuno's Compendium of Unholy Rituals
 48538 | Tomb:1   | Entered Level 1 of the Tomb of the Ancients
 48719 | Tomb:1   | Noticed an ancient lich
 48734 | Tomb:1   | Killed an ancient lich
 48751 | Tomb:1   | Noticed a greater mummy
 49004 | Crypt:3  | Upgraded the game from 0.20-b1-14-g8425815 to 0.20-b1-18-gaa2fd62
 50376 | Vaults:4 | Found Dairroxo's Antique Armour Shoppe.
 50473 | Vaults:4 | Reached skill level 10 in Invocations
 50476 | Vaults:4 | Reached XP level 24. HP: 237/237 MP: 32/32
 50579 | Vaults:4 | Was forgiven by Okawaru
 50968 | Vaults:5 | Entered Level 5 of the Vaults
 51604 | Snake:2  | Bought the ring of Ymorrot {rElec EV+4 Dex+4} for 876 gold pieces
 52037 | Vaults:5 | Gained mutation: You are frail. (-10% HP) [a shining eye]
 52095 | Vaults:5 | Paralysed by a hornet for 3 turns
 52097 | Vaults:5 | Noticed Xtahua
 52326 | Vaults:5 | Killed Xtahua
 52350 | Vaults:4 | Reached XP level 25. HP: 80/225 MP: 34/34
 52576 | Vaults:5 | Got a coiled pewter amulet
 52651 | Vaults:5 | Identified the amulet of Atilal {Spirit Int+4} (You took it off a vault warden on level 5 of the Vaults)
 52901 | Vaults:5 | Got a silver rune of Zot
 56026 | Slime:5  | Entered Level 5 of the Pits of Slime
 56049 | Slime:5  | Noticed the Royal Jelly
 56073 | Slime:5  | Killed the Royal Jelly
 56523 | Slime:5  | Got a crude iron ring
 56570 | Slime:5  | Got a slimy rune of Zot
 56580 | Slime:5  | Identified the ring of the Messenger {rF+ MR+ Dex+2} (You found it on level 5 of the Pits of Slime)
 56673 | Lair:6   | Lost mutation: Your movements are slightly less encumbered by armour. (ER -2) [potion of mutation]
 56673 | Lair:6   | Lost mutation: Your system is resistant to poisons. (rPois) [potion of mutation]
 56673 | Lair:6   | Lost mutation: You are frail. (-10% HP) [potion of mutation]
 56673 | Lair:6   | Lost mutation: You are very clumsy. (Dex -4) [potion of mutation]
 56673 | Lair:6   | Gained mutation: You expend magic power (3 MP) to strengthen your wands. [potion of mutation]
 56673 | Lair:6   | Gained mutation: You are partially covered in icy blue scales. (AC +2) [potion of mutation]
 57294 | Tomb:1   | Killed a greater mummy
 57886 | Tomb:2   | Noticed Boris
 57889 | Tomb:2   | Noticed a greater mummy
 57889 | Tomb:2   | Reached XP level 26. HP: 259/259 MP: 36/36
 57890 | Tomb:2   | Noticed a greater mummy
 57890 | Tomb:2   | Noticed a greater mummy
 57891 | Tomb:2   | Noticed a greater mummy
 57891 | Tomb:2   | Noticed a greater mummy
 57896 | Tomb:2   | Killed Boris
 57898 | Tomb:2   | Killed a greater mummy
 57902 | Tomb:2   | Killed a greater mummy
 57911 | Tomb:2   | Killed a greater mummy
 57915 | Tomb:2   | Killed a greater mummy
 57921 | Tomb:2   | Killed a greater mummy
 57925 | Tomb:2   | Killed by a guardian mummy's death curse

Skill      XL: |  1  2  3  4  5  6  7  8  9 10 11 12 13 14 15 16 17 18 19 20 21 22 23 24 25 26 |
---------------+-------------------------------------------------------------------------------+-----
Shields        | 4 5 6 7 8 9 10 11 12 13 14 15 16 17 18 19 20 21 | 21.0
Fighting       | 4 5 6 7 9 10 11 12 14 15 16 18 19 20 21 22 23 24 25 | 25.9
Axes           | 3 4 5 7 9 10 12 13 15 16 17 19 20 21 22 23 24 25 | 25.8
Armour         | 4 5 6 7 8 9 10 11 12 13 14 15 16 17 18 19 20 | 20.7
Evocations     | 1 2 3 5 6 7 |  7.3
Invocations    | 2 5 6 7 10 12 14 | 14.7
Dodging        | 1 4 7 9 10 11 12 13 14 15 16 17 18 | 18.3

Action                   |  1- 3 |  4- 6 |  7- 9 | 10-12 | 13-15 | 16-18 | 19-21 | 22-24 | 25-27 || total
-------------------------+-------+-------+-------+-------+-------+-------+-------+-------+-------++-------
Melee: War axe           |    96 |   134 |   328 |   742 |   544 |       |       |       |       ||  1844
       Headbutt          |     9 |    14 |    63 |   163 |   301 |   309 |   453 |   437 |   180 ||  1929
       Hand axe          |       |       |       |    37 |    10 |     4 |  1875 |   340 |       ||  2266
       Broad axe         |       |       |       |       |   619 |  1602 |    51 |  1203 |   465 ||  3940
Invok: Heroism           |       |       |       |     3 |    17 |    22 |    27 |     6 |       ||    75
       Finesse           |       |       |       |     2 |    10 |     3 |    14 |     3 |       ||    32
       Divine Shield     |       |       |       |       |       |       |       |     8 |     5 ||    13
       Cleansing Flame   |       |       |       |       |       |       |       |    10 |     7 ||    17
       Summon Divine War |       |       |       |       |       |       |       |     1 |     4 ||     5
       Brand Weapon With |       |       |       |       |       |       |       |     1 |       ||     1
 Abil: Evoke Flight      |       |     1 |       |       |       |       |       |       |       ||     1
Evoke: Wand              |       |       |       |       |    17 |     6 |     2 |       |       ||    25
       Box of beasts     |       |       |       |       |       |       |       |     1 |       ||     1
  Use: Scroll            |     4 |     9 |     4 |    14 |     4 |    18 |    13 |     7 |     8 ||    81
       Potion            |     1 |     1 |     4 |    12 |     5 |    11 |     8 |     9 |     8 ||    59
 Stab: Confused          |       |       |       |       |       |       |     2 |       |       ||     2
       Distracted        |       |       |       |       |       |       |     1 |       |       ||     1
  Eat: Meat ration       |     1 |     1 |       |     4 |     4 |     6 |     4 |     4 |     2 ||    26
       Royal jelly       |       |       |     4 |     4 |     6 |     1 |     4 |     1 |       ||    20
       Bread ration      |       |       |     1 |       |       |     2 |     1 |     1 |     2 ||     7
       Chunk             |       |       |     4 |     3 |    21 |     5 |       |       |       ||    33
       Fruit             |       |       |       |       |       |       |       |     5 |       ||     5
Armor: Scale mail        |    34 |    40 |   140 |   127 |       |       |       |       |       ||   341
       Plate armour      |       |       |       |    66 |   414 |   319 |       |       |       ||   799
       Ring mail         |       |       |       |    60 |       |       |       |       |       ||    60
       Crystal plate arm |       |       |       |       |       |   283 |   661 |   565 |   200 ||  1709
Dodge: Dodged            |    22 |    20 |    53 |   193 |   393 |   477 |   517 |   529 |   282 ||  2486
Block: Shield            |    80 |   128 |   306 |   680 |  1020 |  1121 |  1031 |  1081 |   406 ||  5853
       Reflection        |     1 |     9 |    12 |     5 |    57 |       |       |       |       ||    84
       Rpst.: Hand axe   |       |       |       |       |       |       |    58 |    15 |       ||    73
       Broad axe         |       |       |       |       |       |       |       |    83 |    42 ||   125
